 Dungeon Crawl Stone Soup version 0.28.0-47-ge53b351184 (webtiles) character file.

Game seed: 5851779179277917737

39 safid the Skirmisher (level 3, 0/33 HPs)
             Began as a Hill Orc Fighter on May 9, 2022.
             Slain by an adder (3 damage)
             ... on level 2 of the Dungeon.
             The game lasted 00:01:24 (986 turns).

safid the Skirmisher (Hill Orc Fighter)              Turns: 986, Time: 00:01:25

Health: 0/33       AC:  7    Str: 20    XL:     3   Next: 45%
Magic:  3/3        EV:  9    Int:  8    God:
Gold:   26         SH:  4    Dex: 10    Spells: 2/2 levels left

rFire   . . .      SeeInvis .   a - +0 war axe
rCold   . . .      Faith    .   c - +0 buckler
rNeg    . . .      Spirit   .   b - +0 scale mail
rPois   .          Reflect  .   (no helmet)
rElec   .          Harm     .   (no cloak)
rCorr   .          Rampage  .   (no gloves)
Will    .....                   (no boots)
Stlth   ..........              (no amulet)
HPRegen 0.11/turn               (no ring)
MPRegen 0.08/turn               (no ring)

@: lethally poisoned (0 -> -2)
A: no striking features
a: no special abilities


You were on level 2 of the Dungeon.
You visited 1 branch of the dungeon, and saw 2 of its levels.

You collected 26 gold pieces.

Inventory:

Hand Weapons
 a - a +0 war axe (weapon)
 i - a +2 spear of flaming
Armour
 b - a +0 scale mail (worn)
 c - a +0 buckler (worn)
Scrolls
 e - 2 scrolls of enchant weapon {unknown}
 f - a scroll of fog {unknown}
 g - a scroll of identify {unknown}
Potions
 d - a potion of might
 h - a potion of degeneration {unknown}
 j - a potion of brilliance {unknown}


   Skills:
 - Level 4.0 Fighting
 + Level 3.4 Axes
 + Level 3.7 Armour
 + Level 3.8 Shields


You had 2 spell levels left.
You didn't know any spells.
Your spell library was empty.

Dungeon Overview and Level Annotations

Branches:
Dungeon (2/15)

Altars:


Message History

You are more poisoned.
The adder poisons you! The adder bites you but does no damage.
You are too injured to fight recklessly!
You are too injured to fight recklessly!
You are too injured to fight recklessly!
You are too injured to fight recklessly!
You are too injured to fight recklessly!
You are too injured to fight recklessly!
You are too injured to fight recklessly!
You are too injured to fight recklessly!
You are too injured to fight recklessly!
You are too injured to fight recklessly!
You are too injured to fight recklessly!
You are too injured to fight recklessly!
You are too injured to fight recklessly!
You are too injured to fight recklessly!
Unknown command.
You feel sick.
You feel sick.
You see here a bat corpse.
You feel sick. You block the adder's attack.
You feel sick.
You feel sick.
You feel sick.
You feel sick.
You are no longer poisoned.
The adder closely misses you. The adder barely misses you.
You closely miss the adder. The adder closely misses you.
You barely miss the adder. The adder bites you but does no damage.
The adder barely misses you.
You closely miss the adder. The adder bites you.
* * * LOW HITPOINT WARNING * * *
You are poisoned.
The adder poisons you! The adder bites you but does no damage.
You hit the adder.
The adder is heavily wounded.
* * * LOW HITPOINT WARNING * * *
You feel sick. The adder barely misses you. The adder bites you.
You die...

#.#..# #. ..#.#..# #.
.>#.#..# #. #.#.#..#
#.##.#.#..# #
#..#.#.####
###.#..#.#.#
#......#.#.##########
#.†..†.....S@...#
##.#.#.######.#.#
......... .#
###.#.#..... .#
#.#.#####.# ## #.#.#
# #.#.# #.#.#


You could see an adder.

Vanquished Creatures
  An adder (D:2)
  A dart slug (D:1)
  An endoplasm (D:1)
  A giant cockroach (D:1)
  2 goblins (D:1)
  2 hobgoblins
  4 jackals (D:1)
  3 ball pythons (D:1)
  3 bats
  2 frilled lizards (D:1)
  3 kobolds (D:1)
  2 rats
25 creatures vanquished.

Vanquished Creatures (others)
  A quokka (D:1)
1 creature vanquished.

Grand Total: 26 creatures vanquished

Notes
Turn   | Place    | Note
-------+----------+-------------------------------------------
     0 | D:1      | safid the Hill Orc Fighter began the quest for the Orb.
     0 | D:1      | Reached XP level 1. HP: 19/19 MP: 1/1
   220 | D:1      | Reached XP level 2. HP: 25/27 MP: 2/2
   362 | D:1      | Found a faded altar of an unknown god.
   642 | D:1      | Reached skill level 4 in Fighting
   689 | D:1      | Reached XP level 3. HP: 33/33 MP: 3/3
   986 | D:2      | Slain by an adder

Illustrated notes

Levels and vault maps discovered:
D:1:      sevenhm_arrival_forest_fort_small_6, layout_loops_cross,
          nicolae_ecumenical_lake_church
D:2:      layout_basic

Skill      XL: |  1  2 |
---------------+-------+-----
Axes           | 3 |  3.4
Fighting       | 4 |  4.0
Armour         | |  3.7
Shields        | |  3.8

Action                   || total
-------------------------++-------
Melee: War axe           ||    82
Armor: Scale mail        ||    39
Dodge: Dodged            ||    46
Block: Buckler           ||    25
